 Dungeon Crawl Stone Soup version 0.30-b1-2-g02819fbbbe (webtiles) character file.

Game seed: 9638428108923691162

130 Arcadio the Vexing (level 4, -7/33 HPs)
             Began as a Demonspawn Enchanter on May 12, 2023.
             Killed by divine providence
             ... invoked by an orc priest
              (11 damage)
             ... on level 4 of the Dungeon.
             The game lasted 00:11:39 (3102 turns).

Arcadio the Vexing (Demonspawn Enchanter)           Turns: 3102, Time: 00:11:40

Health: -7/33      AC:  4    Str:  9    XL:     4   Next: 89%
Magic:  1/7        EV: 13    Int: 22    God:
Gold:   81         SH:  4    Dex: 15    Spells: 5/7 levels left

rFire   . . .        a - +1 dagger
rCold   . . .        (no shield)
rNeg    . . .        b - +0 robe
rPois   .            (helmet restricted)
rElec   .            (no cloak)
rCorr   .            v - +0 pair of gloves
SInv    .            q - +0 pair of boots
Will    .....        (no amulet)
Stlth   ++           d - +6 ring of intelligence
HPRegen 0.25/turn    (no ring)
MPRegen 0.10/turn

%: no passive effects
@: no status effects
A: horns 1, condensation shield
a: no special abilities


You were on level 4 of the Dungeon.
You visited 1 branch of the dungeon, and saw 4 of its levels.

You collected 307 gold pieces.
You spent 226 gold pieces at shops.

Inventory:

Hand Weapons
 a - a +1 dagger (weapon)
Armour
 b - a +0 robe (worn)
 q - a +0 pair of boots (worn)
 v - a +0 pair of gloves (worn)
 w - a +0 leather armour
Jewellery
 d - a +6 ring of intelligence (left hand)
 t - a +6 ring of strength
Wands
 z - a wand of polymorph (4)
Scrolls
 i - a scroll of magic mapping {unknown}
 j - a scroll of amnesia {unknown}
 l - a scroll of torment {unknown}
 m - 3 scrolls of teleportation
 x - a scroll of enchant weapon {unknown}
 y - a scroll of noise {unknown}
Potions
 c - 2 potions of invisibility
 e - 5 potions of heal wounds
 f - a potion of attraction
 g - 2 potions of haste
 h - 3 potions of might
 k - a potion of ambrosia
 n - a potion of mutation {unknown}
 o - a potion of lignification {unknown}
 p - 2 potions of berserk rage
 s - a potion of cancellation {unknown}
 u - 2 potions of curing


   Skills:
 + Level 2.1 Fighting
 + Level 2.3 Short Blades
 + Level 2.9 Dodging
 - Level 2.8 Stealth
 - Level 2.1 Spellcasting
 - Level 3.1 Hexes


You had 5 spell levels left.
You knew the following spells:

 Your Spells              Type           Power      Damage    Failure   Level
a - Ensorcelled Hibernat  Hex/Ice        18%        N/A       11%         2

Your spell library contained the following spells:

 Spells                   Type           Power      Damage    Failure   Level
 Confusing Touch          Hex            16%        N/A       11%         3
 Tukima's Dance           Hex            16%        N/A       11%         3
 Dazzling Flash           Conj/Hex       18%        N/A       22%         3
 Ice Form                 Ice/Tmut       2%         N/A       80%         4
 Yara's Violent Unravell  Hex/Tmut       4%         3d4       89%         5


Dungeon Overview and Level Annotations

Branches:
Dungeon (4/15) Zot: 20921
 Temple: D:4-7

Altars:
Xom

Shops:
D:3 ![(?*

Annotations:
D:2 1 runed translucent door, Crazy Yiuf
D:4 Sigmund


Innate Abilities, Weirdness & Mutations

You have a pair of small horns on your head.
A meltable shield of frost defends you. (SH +4)


Message History

Beogh smites you!
The orc priest looks braver for a moment.
The hound attacks as you move away! The hound bites you. x2
The hound attacks as you move away! The hound bites you.
* * * LOW HITPOINT WARNING * * *
The hound closely misses you.
Sorry, you're not good enough to have a special ability.
Casting: Ensorcelled Hibernation (safe; 11% risk of failure)
Confirm with . or Enter, or press ? or * to list all spells.
Aiming: Ensorcelled Hibernation (safe; 11% risk of failure)
Press: ? - help, Shift-Dir - straight line, f - orc priest
Aim: an orc priest, wielding a +0 short sword and wearing a +0 leather armour (chance to affect: 43%)
The hound resists with significant effort.
The hound closely misses you.
Casting: Ensorcelled Hibernation (safe; 11% risk of failure)
Confirm with . or Enter, or press ? or * to list all spells.
Aiming: Ensorcelled Hibernation (safe; 11% risk of failure)
Press: ? - help, Shift-Dir - straight line, f/p - orc priest
Aim: an orc priest, wielding a +0 short sword and wearing a +0 leather armour (chance to affect: 43%)
The hound resists with significant effort.
The hound bites you but does no damage. The hound closely misses you.
Casting: Ensorcelled Hibernation (safe; 11% risk of failure)
Confirm with . or Enter, or press ? or * to list all spells.
Aiming: Ensorcelled Hibernation (safe; 11% risk of failure)
Press: ? - help, Shift-Dir - straight line, f/p - orc priest
Aim: an orc priest, wielding a +0 short sword and wearing a +0 leather armour (chance to affect: 43%)
The hound resists with significant effort.
The hound barely misses you.
The orc priest calls upon Beogh to heal the orc priest.
The orc priest's wounds heal themselves!
The hound closely misses you. The hound attacks as you move away!
The hound misses you. You block the hound's attack.
The orc priest casts a cantrip, but nothing happens.
The hound attacks as you move away! The hound closely misses you.
The hound bites you.
* * * LOW HITPOINT WARNING * * *
The orc priest mumbles some strange prayers to Beogh against you.
Beogh smites you!
You die...

#<# #.# #.# #.#
#.########.##############
#........................
#######.#########################
......#..........................
##.##.#######.###################
#.##.........##########
#.##.#######.#.@....... #.##.#
#.#h######## #.##.### #.#.#
#......# #.#.# #......# #.#.#
#......# #.#o# ........# #.#{#
........# #.#.# ###.....#
#.#o#####


You could see a hound and an orc priest.

Vanquished Creatures
  4 adders
  A shadow imp (D:3)
  A worm (D:2)
  3 dart slugs
  An orc (D:4)
  5 endoplasms
  5 giant cockroaches
  8 goblins
  8 hobgoblins
  2 jackals (D:1)
  3 quokkas
  6 ball pythons
  4 bats
  6 frilled lizards
  11 kobolds
  4 rats
72 creatures vanquished.

Vanquished Creatures (others)
  3 plants (D:1)
3 creatures vanquished.

Grand Total: 75 creatures vanquished

Notes
Turn   | Place    | Note
-------+----------+-------------------------------------------
     0 | D:1      | Arcadio the Demonspawn Enchanter began the quest for the
                  | Orb.
     0 | D:1      | Reached XP level 1. HP: 13/13 MP: 3/3
   107 | D:1      | Reached skill level 1 in Short Blades
   177 | D:1      | Gained mutation: A meltable shield of frost defends you.
                  | (SH +4) [demonic ancestry]
   177 | D:1      | Reached XP level 2. HP: 19/19 MP: 5/5
   387 | D:1      | Learned a level 2 spell: Ensorcelled Hibernation
   459 | D:1      | Found a faded altar of an unknown god.
   848 | D:1      | Reached XP level 3. HP: 25/25 MP: 6/6
  1070 | D:1      | Reached skill level 1 in Fighting
  1486 | D:2      | Found a runed translucent door.
  1487 | D:2      | Noticed Crazy Yiuf
  1693 | D:2      | Discovered your monstrous ancestry.
  1693 | D:2      | Gained mutation: You have a pair of small horns on your
                  | head. [demonic ancestry]
  1693 | D:2      | Reached XP level 4. HP: 32/32 MP: 7/7
  2328 | D:3      | Found Pizxuyl's Distillery.
  2331 | D:3      | Found Akoceuczu's Antique Armour Shop.
  2337 | D:3      | Found Lylok's Weapon Boutique.
  2356 | D:3      | Bought a leather armour for 48 gold pieces
  2360 | D:3      | Bought a potion of degeneration for 13 gold pieces
  2360 | D:3      | Bought a potion of curing for 39 gold pieces
  2534 | D:3      | Found Nankatux's Magic Scroll Shop.
  2536 | D:3      | Found Cimiotit's General Store.
  2580 | D:3      | Bought a scroll of teleportation for 42 gold pieces
  2580 | D:3      | Bought a scroll of identify for 28 gold pieces
  2580 | D:3      | Bought a scroll of identify for 28 gold pieces
  2608 | D:3      | Bought a scroll of identify for 28 gold pieces
  2827 | D:3      | Got the Parchment of Transformation
  2845 | D:3      | Found a large runed translucent door.
  2848 | D:3      | Found a large runed translucent door.
  2859 | D:3      | Found a shimmering altar of Xom.
  3038 | D:4      | Noticed Sigmund
  3102 | D:4      | Killed from afar by an orc priest

Illustrated notes

Levels and vault maps discovered:
D:1:      ncdulo_lavacross, layout_rooms,
          shapermc_ecumenical_altar_mp_ritualfount
D:2:      minmay_inner_zag, layout_basic, chequers_serial_rivers_micro_c,
          uniq_crazy_yiuf_cottage
D:3:      due_chaos_kobolds, layout_basic, pf_just_have_faith, serial_shops,
          shop, shop, nicolae_diamond_shop, shop_fountains, shop
D:4:      layout_basic, minmay_temple_entry_butterflies, uniq_sigmund

Skill      XL: |  1  2  3  4 |
---------------+-------------+-----
Short Blades   | 1 2 |  2.3
Dodging        | 2 |  2.9
Fighting       | 1 2 |  2.1
Stealth        | |  2.8
Spellcasting   | |  2.1
Hexes          | |  3.1

Action                     |  1- 3 |  4- 6 || total
---------------------------+-------+-------++-------
  Melee: Dagger            |   212 |   100 ||   312
         Headbutt          |       |    13 ||    13
         Punch             |       |     1 ||     1
   Cast: Ensorcelled Hiber |     4 |     5 ||     9
    Use: Scroll            |       |     6 ||     6
   Stab: Sleeping          |     7 |     8 ||    15
         Distracted        |       |     1 ||     1
 Armour: Robe              |    22 |    22 ||    44
  Dodge: Dodged            |   120 |    47 ||   167
  Block: Other             |    28 |    14 ||    42
